 Dungeon Sprint DCSS version 0.20.1-1-g8b1a95d (console) character file.

10700000 bli the Formicid Barricade (level 27, -8/245 (249) HPs)
             Began as a Formicid Fighter on Aug 15, 2017.
             Was the Champion of Makhleb.
             Mangled by a reaper
             ... wielding a +1 vampiric scythe
             ... summoned by an accursed's death curse
              (16 damage)
             ... in the Dungeon (Sprint VIII: "Arena of Blood").
             The game lasted 00:11:10 (107 turns).

bli the Formicid Barricade (Formicid Fighter)        Turns: 107, Time: 00:11:11

HP:   -8/245 (249)  AC: 13    Str: 24    XL:     27
MP:   38/54         EV: 32    Int:  9    God:    Makhleb [******]
Gold: 0             SH: 19    Dex: 19    Spells: 80/80 levels left

rFire    . . .     SeeInvis +   l - +∞ Axe of Woe
rCold    . . .     Gourm    .   c - +0 shield
rNeg     . . .     Faith    .   b - +0 scale mail
rPois    .         Spirit   .   (helmet unavailable)
rElec    .         Reflect  .   (no cloak)
rCorr    .         Harm     .   (no gloves)
MR       ++...                  (no boots)
Stlth    ++++++++..             (no amulet)
Regen    0.5/turn               m - +30 ring of slaying
MPRegen  0.4/turn               p - +200 ring of slaying

@: no status effects
A: permanent stasis, dig shafts and tunnels, four strong arms, antennae 3
a: Dig, Minor Destruction, Lesser Servant of Makhleb, Major Destruction, Greater
Servant of Makhleb, Renounce Religion


You were in the Dungeon.
You worshipped Makhleb.
Makhleb was exalted by your worship.
You were not hungry.

You visited 1 branch

Inventory:

Hand Weapons
 a - a +0 war axe
 l - the +∞ Axe of Woe (weapon)
   (You found it in the Dungeon)
Armour
 b - a +0 scale mail (worn)
 c - a +0 shield (worn)
Jewellery
 m - a +30 ring of slaying (left hand)
 n - a +30 ring of slaying
 p - a +200 ring of slaying (right hand)
Scrolls
 k - a scroll of blinking
Potions
 d - a potion of might
 e - a potion of curing
 g - a potion of heal wounds
 h - a potion of haste
 i - 2 potions of magic
 j - a potion of berserk rage
Comestibles
 f - a bread ration
 o - a chunk of flesh


   Skills:
 O Level 27 Fighting
 O Level 27 Axes
 O Level 27 Throwing
 O Level 27 Armour
 O Level 27 Dodging
 O Level 27 Stealth
 O Level 27 Shields
 O Level 27 Unarmed Combat
 O Level 27 Spellcasting
 O Level 27 Invocations


You had 80 spell levels left.
You didn't know any spells.

Dungeon Overview and Level Annotations

Branches:
Dungeon (1/1)

Altars:
Makhleb


Innate Abilities, Weirdness & Mutations

You cannot be hasted, slowed, berserked, paralysed or teleported.
You can dig through walls and to a lower floor.
Your four strong arms can wield two-handed weapons with a shield.
You have a pair of large antennae on your head. (SInv)


Message History

The eight-headed meat hydra calls on the powers of darkness!
The eight-headed meat hydra convulses!
Your body is wracked with pain!
* * * LOW HITPOINT WARNING * * *
You hear a shout!
The eight-headed meat hydra calls on the powers of darkness!
The eight-headed meat hydra convulses! x2; Your body is wracked with pain!
* * * LOW HITPOINT WARNING * * *
You hear a shout!
The eight-headed meat hydra calls on the powers of darkness!
The eight-headed meat hydra convulses! x2; Your body is wracked with pain!
* * * LOW HITPOINT WARNING * * *
You carve the large abomination like a ham!!!
You fatally mangle the large abomination.
You destroy the large abomination!
You slash the tentacled monstrosity!
You fatally mangle the tentacled monstrosity.
You kill the tentacled monstrosity!
You hear a shout! x6
The reaper hits you from afar with a vampiric scythe!
You die...

.....#.....#.......
.....#_.§§_#.......
.{...#..§))#..%...#
.......)_))........
.....D.###)........
..###.))))).###....
.. #.D))))%#..X...
....#).)))%.#LX....
......)).).2..XX....
.......)§§§)...X.#
..%....W§§§M@X..#{.
........§§§...##....
....#........#......
......%......#...#
...##.#....... ....
.............D...
....#.....####...
......... ...


You could see an accursed, a tentacled monstrosity, a tyrant, a reaper, 3
eight-headed meat hydras, 5 large abominations and a wretched soul (invisible).

Vanquished Creatures
  7 hell beasts (D)
  5 greater mummies (D)
  3 great orbs of eyes (D)
  3 wraiths (D)
  Harold (D)
  16 vampire knights (D)
  26 ogres (D)
  5 two-headed ogres (D)
  5 liches (D)
  57 orcs (D)
  A phantom (D)
  6 skeletal warriors (D)
  5 large abominations (D)
  2 small abominations (D)
  3 crawling corpses (D)
145 creatures vanquished.

Vanquished Creatures (others)
  2 crawling corpses (D)
2 creatures vanquished.

Grand Total: 147 creatures vanquished

Notes
Turn   | Place    | Note
-------+----------+-------------------------------------------
     0 | D        | bli the Formicid Fighter began the quest for the Orb.
     0 | D        | Reached XP level 1. HP: 18/18 MP: 1/1
     2 | D        | Noticed a bag of meat
     3 | D        | Became a worshipper of Makhleb the Destroyer
     4 | D        | Noticed a bag of meat
     7 | D        | Noticed a bag of meat
     8 | D        | Noticed a bag of meat
     8 | D        | Noticed a bag of meat
     8 | D        | Noticed a meat berserker
     8 | D        | Noticed a meat berserker
     9 | D        | Noticed a bag of meat
    10 | D        | Noticed a bag of meat
    10 | D        | Noticed a meat berserker
    11 | D        | Killed a meat berserker
    11 | D        | Reached XP level 2. HP: 50/50 MP: 2/2
    11 | D        | Reached XP level 3. HP: 57/57 MP: 3/3
    11 | D        | Reached XP level 4. HP: 64/64 MP: 4/4
    11 | D        | Reached XP level 5. HP: 71/71 MP: 5/5
    11 | D        | Reached XP level 6. HP: 78/78 MP: 6/6
    11 | D        | Reached XP level 7. HP: 84/84 MP: 7/7
    11 | D        | Reached XP level 8. HP: 92/92 MP: 8/8
    11 | D        | Reached XP level 9. HP: 98/98 MP: 9/9
    11 | D        | Reached XP level 10. HP: 106/106 MP: 10/10
    11 | D        | Reached XP level 11. HP: 112/112 MP: 11/11
    11 | D        | Reached XP level 12. HP: 119/119 MP: 12/12
    11 | D        | Reached XP level 13. HP: 126/126 MP: 13/13
    11 | D        | Killed a bag of meat
    11 | D        | Reached * piety under Makhleb
    11 | D        | Reached XP level 14. HP: 138/138 MP: 14/14
    12 | D        | Noticed a bag of meat
    12 | D        | Killed a bag of meat
    12 | D        | Reached XP level 15. HP: 146/146 MP: 14/21
    13 | D        | Killed a meat berserker
    13 | D        | Reached ** piety under Makhleb
    13 | D        | Reached skill level 15 in Axes
    13 | D        | Reached skill level 15 in Invocations
    13 | D        | Reached XP level 16. HP: 161/161 MP: 14/27
    13 | D        | Killed a meat berserker
    13 | D        | Reached skill level 27 in Shields
    13 | D        | Reached XP level 17. HP: 171/171 MP: 14/30
    15 | D        | Reached *** piety under Makhleb
    15 | D        | Reached skill level 27 in Fighting
    15 | D        | Reached skill level 27 in Armour
    15 | D        | Reached XP level 18. HP: 182/182 MP: 14/32
    16 | D        | Reached **** piety under Makhleb
    16 | D        | Reached skill level 27 in Invocations
    17 | D        | Reached XP level 19. HP: 189/189 MP: 15/36
    20 | D        | Noticed a meat berserker
    24 | D        | Killed a meat berserker
    24 | D        | Reached skill level 27 in Axes
    25 | D        | Noticed a meat berserker
    26 | D        | Noticed a meat berserker
    26 | D        | Killed a meat berserker
    26 | D        | Reached skill level 5 in Stealth
    26 | D        | Reached XP level 20. HP: 197/197 MP: 17/37
    27 | D        | Noticed a meat berserker
    28 | D        | Noticed a destroyer
    29 | D        | Noticed a meat berserker
    30 | D        | Noticed a large bag of meat
    31 | D        | Killed a destroyer
    31 | D        | Reached skill level 27 in Dodging
    31 | D        | Killed a meat berserker
    31 | D        | Reached ***** piety under Makhleb
    31 | D        | Reached XP level 21. HP: 204/204 MP: 18/38
    31 | D        | Killed a meat berserker
    32 | D        | Killed a meat berserker
    32 | D        | Reached XP level 22. HP: 212/212 MP: 18/44
    36 | D        | Noticed a destroyer
    37 | D        | Noticed a destroyer
    37 | D        | Noticed The Servant
    38 | D        | Noticed a destroyer
    38 | D        | Killed a large bag of meat
    38 | D        | Reached skill level 27 in Stealth
    38 | D        | Reached XP level 23. HP: 219/219 MP: 20/49
    40 | D        | Killed a destroyer
    41 | D        | Reached skill level 27 in Throwing
    41 | D        | Reached skill level 27 in Unarmed Combat
    41 | D        | Reached skill level 27 in Spellcasting
    41 | D        | Reached XP level 24. HP: 227/227 MP: 20/54
    42 | D        | Reached ****** piety under Makhleb
    45 | D        | Killed a destroyer
    45 | D        | Reached XP level 25. HP: 234/234 MP: 21/54
    47 | D        | Noticed a destroyer
    48 | D        | Killed The Servant
    48 | D        | Reached XP level 26. HP: 238/242 MP: 22/54
    48 | D        | Killed a destroyer
    49 | D        | Reached XP level 27. HP: 249/249 MP: 22/54
    52 | D        | Noticed a large bag of meat
    52 | D        | Killed a destroyer
    54 | D        | Noticed an accursed
    55 | D        | Noticed a destroyer
    55 | D        | Noticed an accursed
    56 | D        | Noticed a large bag of meat
    58 | D        | Noticed an accursed
    58 | D        | Noticed a destroyer
    59 | D        | Noticed a tyrant
    59 | D        | Killed a destroyer
    60 | D        | Killed a destroyer
    62 | D        | Noticed a meat beast
    62 | D        | Noticed a meat beast
    64 | D        | Killed a meat beast
    64 | D        | Killed a meat beast
    65 | D        | Noticed a dread
    65 | D        | Killed a large bag of meat
    66 | D        | Noticed a destroyer
    66 | D        | Noticed an accursed
    67 | D        | Killed an accursed
    67 | D        | Killed a tyrant
    68 | D        | Noticed a dread
    69 | D        | Killed a destroyer
    70 | D        | Killed a dread
    70 | D        | Killed an accursed
    70 | D        | Killed an accursed
    70 | D        | Noticed a meat beast
    70 | D        | Noticed a destroyer
    71 | D        | Noticed a tyrant
    71 | D        | Noticed a tyrant
    72 | D        | Noticed a destroyer
    72 | D        | Killed a meat beast
    72 | D        | Killed a dread
    73 | D        | Noticed a meat beast
    73 | D        | Killed a destroyer
    75 | D        | Killed a destroyer
    75 | D        | Killed a large bag of meat
    77 | D        | Killed a meat beast
    79 | D        | Noticed a destroyer
    80 | D        | Noticed a tyrant
    81 | D        | Killed a tyrant
    82 | D        | Noticed a dread
    82 | D        | Noticed a large bag of meat
    82 | D        | Noticed a large bag of meat
    83 | D        | Noticed a destroyer
    83 | D        | Killed a large bag of meat
    84 | D        | Noticed a destroyer
    86 | D        | Noticed a meat beast
    87 | D        | Killed a destroyer
    88 | D        | Noticed a destroyer
    89 | D        | Noticed a destroyer
    90 | D        | Noticed a meat beast
    90 | D        | Killed a tyrant
    90 | D        | Killed a meat beast
    90 | D        | Killed a destroyer
    90 | D        | Killed a tyrant
    91 | D        | Killed a destroyer
    93 | D        | Noticed a tyrant
    94 | D        | Noticed an accursed
    94 | D        | Noticed an accursed
    94 | D        | Killed a dread
    94 | D        | Killed a meat beast
    95 | D        | Noticed a destroyer
    96 | D        | Noticed a meat beast
    96 | D        | Killed an accursed
    96 | D        | Killed an accursed
    98 | D        | Killed a destroyer
    99 | D        | Killed a large bag of meat
   101 | D        | Noticed a tyrant
   101 | D        | Killed a destroyer
   101 | D        | Killed a meat beast
   101 | D        | Killed a tyrant
   101 | D        | Killed a destroyer
   105 | D        | HP: 12/245 [??? (10)]
   107 | D        | Mangled by a reaper

Skill      XL: |  1  2  3  4  5  6  7  8  9 10 11 12 13 14 15 16 17 18 19 20 21 22 23 |
---------------+----------------------------------------------------------------------+-----
Fighting       | 19 21 22 24 26 27 | 27.0
Axes           | 11 12 13 15 17 20 26 27 | 27.0
Armour         | 19 21 22 24 26 27 | 27.0
Shields        | 21 22 23 26 27 | 27.0
Invocations    | 8 15 18 21 27 | 27.0
Dodging        | 9 23 27 | 27.0
Stealth        | 5 17 23 27 | 27.0
Unarmed Combat | 3 13 18 22 27 | 27.0
Spellcasting   | 3 13 18 22 27 | 27.0
Throwing       | 13 18 22 27 | 27.0

Action                   |  1- 3 |  4- 6 |  7- 9 | 10-12 | 13-15 | 16-18 | 19-21 | 22-24 | 25-27 || total
-------------------------+-------+-------+-------+-------+-------+-------+-------+-------+-------++-------
Melee: Executioner's axe |     1 |       |       |       |     2 |     4 |     4 |     9 |    42 ||    62
Invok: Minor Destruction |       |       |       |       |       |       |     3 |     1 |       ||     4
       Major Destruction |       |       |       |       |       |       |     1 |     2 |       ||     3
       Greater Servant o |       |       |       |       |       |       |       |     1 |     2 ||     3
Armor: Scale mail        |       |       |       |       |       |       |       |       |     5 ||     5
Dodge: Dodged            |       |       |       |       |       |       |       |       |     8 ||     8
Block: Shield            |       |       |       |       |       |       |       |       |    12 ||    12
